 Dungeon Crawl Stone Soup version 0.19.1 (webtiles) character file.

1304 CanadianGator the Skirmisher (level 8, -5/73 HPs)
             Began as a Minotaur Fighter on Nov 25, 2016.
             Was a Priest of Trog.
             Slain by vicissi's ghost (12 damage)
             ... on level 5 of the Dungeon.
             The game lasted 00:13:03 (4137 turns).

CanadianGator the Skirmisher (Minotaur Fighter)     Turns: 4137, Time: 00:13:04

Health: -5/73      AC:  9    Str: 24    XL:     8   Next: 31%
Magic:  7/7        EV: 12    Int:  5    God:    Trog [***...]
Gold:   298        SH:  0    Dex:  9    Spells: 0 memorised, 7 levels left

rFire  + . .     SeeInvis .     z - +4 quarterstaff (chaos)
rCold  x . .     Gourm    .     y - +0 scale mail (curse)
rNeg   . . .     Faith    .     (shield currently unavailable)
rPois  +         Spirit   .     (helmet restricted)
rElec  .         Reflect  .     A - +0 cloak {rPois}
rCorr  .         Harm     .     (no gloves)
MR     .....                    (no boots)
Stlth  ..........               (no amulet)
                                (no ring)
                                r - ring of fire

@: invisible
A: retaliatory headbutt, horns 2
a: Berserk, Trog's Hand, Burn Spellbooks, Renounce Religion


You were on level 5 of the Dungeon.
You worshipped Trog.
Trog was most pleased with you.
You were not hungry.

You visited 1 branch of the dungeon, and saw 5 of its levels.
You also visited: Sewer.

You collected 298 gold pieces.

Inventory:

Hand Weapons
 a - a +0 trident
 d - a +0 halberd
 z - a +4 quarterstaff of chaos (weapon)
Armour
 b - a +0 scale mail
 c - a +0 shield
 y - a cursed +0 scale mail (worn)
 A - a +0 cloak of poison resistance (worn)
 B - a +1 cloak
Jewellery
 r - a ring of fire (left hand)
Wands
 p - a wand of slowing (19/48)
Scrolls
 e - a scroll of amnesia {unknown}
 h - 8 scrolls of blinking
 i - 2 scrolls of remove curse {unknown}
 j - 2 scrolls of fog {unknown}
 m - 2 scrolls of magic mapping
 n - a scroll of recharging {unknown}
 q - a scroll of random uselessness {unknown}
 u - a scroll of immolation {unknown}
 w - 3 scrolls of enchant armour {unknown}
Potions
 k - 2 potions of brilliance
 s - 2 potions of flight
 t - 2 potions of curing
 x - a potion of ambrosia
Comestibles
 f - 2 bread rations
 g - 3 beef jerkies
 l - 4 meat rations
 v - a slice of pizza


   Skills:
 + Level 7.0 Fighting
 + Level 6.6(6.8) Polearms
 + Level 1.9(4.6) Staves
 + Level 6.7 Armour
 + Level 5.1 Dodging
 - Level 3.7 Shields


You had 7 spell levels left.
You didn't know any spells.

Dungeon Overview and Level Annotations

Branches:
Dungeon (5/15)
 Temple: D:4-7

Altars:
Trog

Shops:
D:4 (

Annotations:
D:5 vicissi's ghost, novice MiBe


Innate Abilities, Weirdness & Mutations

You reflexively headbutt those who attack you in melee.
You have a pair of horns on your head.


Message History

You hit vicissi's ghost but do no damage.
Flames sear vicissi's ghost.
You headbutt vicissi's ghost!
Vicissi's ghost is severely damaged.
Vicissi's ghost hits you!
Vicissi's ghost hits you but does no damage.
You hit vicissi's ghost.
You heal vicissi's ghost.
Vicissi's ghost is heavily damaged. x2
Vicissi's ghost hits you.
Vicissi's ghost hits you but does no damage.
You closely miss vicissi's ghost.
You headbutt vicissi's ghost, but do no damage.
Vicissi's ghost is heavily damaged.
Vicissi's ghost hits you!
* * * LOW HITPOINT WARNING * * *
You are too injured to fight recklessly!
You fade into invisibility!
Vicissi's ghost hits you.
* * * LOW HITPOINT WARNING * * *
Vicissi's ghost hits you!
You die...

###...............
###...........#.#
#........#..# ..
#........#..## #
#........##..##
#.......[.....#
#...........>.#
########....W.#
#....@.# #......#
#####.## #.# #.#
#####.# #>....#
##.#### #.#


You could see vicissi's ghost.

Vanquished Creatures
  Menkaure (D:4)
  2 ogres (D:4)
  A centaur (D:5)
  A bullfrog (Sewer)
  A scorpion (D:4)
  A howler monkey (D:4)
  A crimson imp (D:3)
  2 centaur skeletons
  A hound (D:4)
  Crazy Yiuf (D:4)
  2 iguanas (D:5)
  4 orc wizards
  3 worker ants (D:4)
  2 hound skeletons
  4 gnolls (D:2)
  16 adders
  A shadow imp (D:5)
  13 oozes
  An adder skeleton (D:4)
  3 worms
  14 leopard geckos
  3 orcs
  10 ball pythons
  6 bats
  17 giant cockroaches
  4 goblins
  6 hobgoblins
  3 jackals (D:3)
  8 kobolds
  18 frilled lizards
  A leopard gecko skeleton (D:4)
  12 rats
163 creatures vanquished.

Notes
Turn   | Place    | Note
-------+----------+-------------------------------------------
     0 | D:1      | CanadianGator the Minotaur Fighter began the quest for the Orb.
     0 | D:1      | Reached XP level 1. HP: 19/19 MP: 0/0
   172 | D:1      | Reached XP level 2. HP: 27/27 MP: 1/1
   694 | D:2      | Reached XP level 3. HP: 24/33 MP: 2/2
   702 | D:2      | Reached skill level 1 in Dodging
   705 | D:2      | Reached skill level 4 in Fighting
   964 | D:2      | Reached XP level 4. HP: 40/40 MP: 3/3
  1446 | D:3      | Noticed a moth of wrath
  1448 | D:3      | Found a bloodstained altar of Trog.
  1484 | D:3      | HP: 2/41 [rat (1)]
  1803 | D:3      | Reached XP level 5. HP: 46/47 MP: 4/4
  1831 | D:3      | Became a worshipper of Trog the Wrathful
  2260 | D:4      | Reached skill level 5 in Fighting
  2341 | D:4      | Reached skill level 5 in Armour
  2341 | D:4      | Reached XP level 6. HP: 53/56 MP: 5/5
  2394 | D:4      | Noticed Menkaure
  2400 | D:4      | HP: 1/56 [Menkaure (20)]
  2405 | D:4      | Killed Menkaure
  2466 | D:4      | Reached skill level 5 in Polearms
  2472 | D:4      | Reached * piety under Trog
  2472 | D:4      | Reached XP level 7. HP: 46/62 MP: 6/6
  2494 | D:4      | Found Daibakle's Antique Weapon Boutique.
  2653 | D:4      | Reached skill level 6 in Fighting
  2789 | D:4      | Found a glowing drain.
  2793 | Sewer    | Entered a sewer
  2829 | Sewer    | Reached ** piety under Trog
  3131 | Sewer    | Reached *** piety under Trog
  3477 | D:4      | Found a runed door.
  3537 | D:4      | Noticed Crazy Yiuf
  3544 | D:4      | Killed Crazy Yiuf
  3544 | D:4      | Reached XP level 8. HP: 67/71 MP: 7/7
  3695 | D:5      | Entered Level 5 of the Dungeon
  3857 | D:5      | Reached skill level 1 in Staves
  3857 | D:5      | Reached skill level 5 in Dodging
  3976 | D:5      | Reached skill level 7 in Fighting
  4123 | D:5      | Noticed vicissi's ghost (novice MiBe)
  4137 | D:5      | Slain by vicissi's ghost

Skill      XL: |  1  2  3  4  5  6  7  8 |
---------------+-------------------------+-----
Armour         | 4 5 6 |  6.7
Polearms       | 3 4 5 6 |  6.6
Dodging        | 1 2 3 4 5 |  5.1
Fighting       | 4 5 6 7 |  7.0
Staves         | 1 |  1.9
Shields        | |  3.7

Action                   |  1- 3 |  4- 6 |  7- 9 || total
-------------------------+-------+-------+-------++-------
Melee: Trident           |    83 |   167 |   232 ||   482
       Headbutt          |     7 |    27 |    43 ||    77
       Quarterstaff      |       |       |    42 ||    42
Invok: Burn Spellbooks   |       |     1 |       ||     1
       Berserk           |       |       |     5 ||     5
  Use: Potion            |     2 |     3 |     1 ||     6
       Scroll            |       |       |     6 ||     6
  Eat: Chunk             |       |     5 |     8 ||    13
       Bread ration      |       |       |     1 ||     1
Armor: Scale mail        |    28 |    53 |   100 ||   181
Dodge: Dodged            |    22 |    46 |   113 ||   181
Block: Shield            |    32 |    83 |   110 ||   225
